 Dungeon Crawl Stone Soup version 0.30-a0-830-gfe289a77b0 (webtiles) character file.

Game seed: 6149573398582237293

107 Mickster the Cudgeller (level 4, -5/44 HPs)
             Began as a Troll Berserker on Feb 28, 2023.
             Was a Believer of Trog.
             Killed from afar by Robin (8 damage)
             ... with a bolt of light
             ... on level 3 of the Dungeon.
             The game lasted 00:19:06 (1513 turns).

Mickster the Cudgeller (Troll Berserker)            Turns: 1513, Time: 00:19:07

Health: -5/44      AC:  8    Str: 27    XL:     4   Next: 56%
Magic:  3/3        EV: 10    Int:  3    God:    Trog [**....]
Gold:   75         SH:  0    Dex:  9    Spells: 3/3 levels left

rFire   . . .      SeeInvis .    a - +0 mace
rCold   + . .      Faith    .    (no shield)
rNeg    . . .      Spirit   .    b - +0 animal skin
rPois   .          Reflect  .    (helmet restricted)
rElec   .          Harm     .    (no cloak)
rCorr   .          Rampage  .    (gloves unavailable)
Will    .....                    (boots unavailable)
Stlth   +                        (no amulet)
HPRegen 1.07/turn                h - ring of protection from cold
MPRegen 0.08/turn                j - +4 ring of protection

@: no status effects
A: large, unfitting armour, claws 3, regeneration 1, shaggy fur 1, tough skin 1
a: Renounce Religion, Berserk, Trog's Hand


You were on level 3 of the Dungeon.
You worshipped Trog.
Trog was pleased with you.
You visited 1 branch of the dungeon, and saw 3 of its levels.

You collected 75 gold pieces.

Inventory:

Hand Weapons
 a - a +0 mace (weapon)
 p - a +0 sling
Missiles
 d - 24 stones
 f - 3 datura-tipped darts (quivered)
 i - 3 javelins
 m - 6 poisoned darts
Armour
 b - a +0 animal skin (worn)
 c - a +0 scale mail
 l - a +3 leather armour
Jewellery
 h - a ring of protection from cold (left claw)
 j - a +4 ring of protection (right claw)
Scrolls
 e - a scroll of identify
 o - 2 scrolls of amnesia
Potions
 g - 4 potions of curing
 k - a potion of brilliance {unknown}
 n - a potion of mutation {unknown}


   Skills:
 + Level 2.7 Fighting
 * Level 4.3 Maces & Flails
 + Level 0.2 Throwing
 + Level 2.8 Dodging


You had 3 spell levels left.
You didn't know any spells.
Your spell library was empty.

Dungeon Overview and Level Annotations

Branches:
Dungeon (3/15)

Altars:

Annotations:
D:3 Robin


Innate Abilities, Weirdness & Mutations

You are too large for most types of armour.
You have claws for hands.
Your natural rate of healing is unusually fast.
You are covered in fur. (AC +1)
You have tough skin. (AC +1)


Message History

Robin hits you but does no damage. The hobgoblin closely misses you.
The goblin shoots a sling bullet.
The sling bullet closely misses you.
Robin zaps a wand.
The bolt of light hits you!
You are confused.
* * * LOW HITPOINT WARNING * * *
The hobgoblin barely misses you.
Things that are here:
a +0 club; a goblin corpse You're too confused to move!
You bump into the rock wall.
You feel less confused.
Robin roars a battlecry!
The goblins go into a battle-frenzy!
The hobgoblin hits you but does no damage.
The goblin attacks as you move away! The goblin hits you but does no damage.
The hobgoblin hits you but does no damage.
The hobgoblin attacks as you move away! The hobgoblin hits you.
* * * LOW HITPOINT WARNING * * *
The goblin closely misses you. Robin throws the goblin at you!
The goblin unwields a +0 sling.
The goblin wields a +0 dagger.
The goblin hits you with a +0 dagger.
* * * LOW HITPOINT WARNING * * *
You miss the goblin. The goblin hits you but does no damage.
The goblin barely misses you.
You thump the goblin!
You kill the goblin!
Trog accepts your kill. The goblin misses you. Robin throws the goblin at you!
* * * LOW HITPOINT WARNING * * *
You hit the goblin.
The goblin is severely wounded.
The goblin hits you with a +0 dagger.
* * * LOW HITPOINT WARNING * * *
You sock the goblin!
You kill the goblin!
Trog accepts your kill. The hobgoblin misses you. The hobgoblin hits you.
* * * LOW HITPOINT WARNING * * *
Robin zaps a wand.
The bolt of light hits you!
You die...

#.#.....# #.#.##### #. #.#.#
#. #.#.### #>###
#######.#)#.## #....# #..
.....#....## #..# .#.#
#..#.....##
#.####..###.#######.........#
#...........#@)†...........##
#.......)†g).g#####.###...##
..####..####### #.# #.## #...
..# .# ...### #### .# #### .#


You could see Robin and a hobgoblin (strong).

Vanquished Creatures
  Jessica (D:3)
  3 worms (D:2)
  4 dart slugs
  An orc (D:3)
  5 ball pythons
  5 endoplasms
  4 giant cockroaches
  11 goblins
  2 hobgoblins
  3 jackals (D:2)
  5 kobolds
  A quokka (D:1)
  6 bats
  2 frilled lizards
  3 rats
56 creatures vanquished.

Vanquished Creatures (collateral kills)
  A dart slug (D:1)
  An endoplasm (D:1)
  A hobgoblin (D:1)
3 creatures vanquished.

Vanquished Creatures (others)
  A hobgoblin (D:3)
1 creature vanquished.

Grand Total: 60 creatures vanquished

Notes
Turn   | Place    | Note
-------+----------+-------------------------------------------
     0 | D:1      | Mickster the Troll Berserker began the quest for the Orb.
     0 | D:1      | Reached XP level 1. HP: 22/22 MP: 0/0
   135 | D:1      | Reached XP level 2. HP: 29/29 MP: 1/1
   219 | D:1      | Reached skill level 3 in Maces & Flails
   447 | D:1      | Reached ** piety under Trog
   448 | D:1      | Reached XP level 3. HP: 36/36 MP: 2/2
  1253 | D:3      | Noticed Jessica
  1269 | D:3      | Killed Jessica
  1270 | D:3      | Reached skill level 4 in Maces & Flails
  1270 | D:3      | Reached XP level 4. HP: 32/44 MP: 3/3
  1490 | D:3      | Noticed Robin
  1513 | D:3      | Killed from afar by Robin

Illustrated notes

Levels and vault maps discovered:
D:1:      spicycebolla_arrival_xxxplode, layout_loops_cross
D:2:      layout_basic, nicolae_wormholes
D:3:      layout_loops_ring, uniq_crazy_yiuf_cottage, uniq_jessica, uniq_robin

Skill      XL: |  1  2  3 |
---------------+----------+-----
Maces & Flails | 3 4 |  4.3
Fighting       | |  2.7
Throwing       | |  0.2
Dodging        | |  2.8

Action                     |  1- 3 |  4- 6 || total
---------------------------+-------+-------++-------
  Melee: Mace              |   110 |    39 ||   149
         Punch             |     1 |       ||     1
  Throw: Dart              |     3 |       ||     3
         Javelin           |     1 |       ||     1
    Use: Potion            |     3 |       ||     3
         Scroll            |     1 |     4 ||     5
 Armour: Animal skin       |    72 |    28 ||   100
  Dodge: Dodged            |   105 |    30 ||   135

Table legend: (Time is in decaauts)
 A = Elapsed time spent in this place.
 B = Non-inter-level travel time spent in this place.
 C = Inter-level travel time spent in this place.
 D = Time resting spent in this place.
 E = Time spent auto-exploring this place.
 F = Levels seen in this place.
 G = Mean time per level.
                   A        B        C        D        E       F      G
               +--------+--------+--------+--------+--------+-----+--------+
         Total |   1544 |   1470 |     74 |      0 |      0 |   3 |  514.7 |
       Dungeon |   1544 |   1470 |     74 |      0 |      0 |   3 |  514.7 |
               +--------+--------+--------+--------+--------+-----+--------+

Top non-repeatable levels by time:
     D:2: 681 daAuts
     D:1: 528 daAuts
     D:3: 334 daAuts
